 Dungeon Crawl Stone Soup version 0.30-a0-639-g3916f1956a (webtiles) character file.

Game seed: 44441321219206441

894 SkeletonJelly the Cleaver (level 7, -12/52 HPs)
             Began as a Demonspawn Chaos Knight on Jan 17, 2023.
             Was a Plaything of Xom.
             Mangled by a shadow (18 damage)
             ... on level 5 of the Dungeon.
             The game lasted 00:12:52 (5424 turns).

SkeletonJelly the Cleaver (Demonspawn Chaos Knight) Turns: 5424, Time: 00:12:52

Health: -12/52     AC:  7    Str: 14    XL:     7   Next: 78%
Magic:  7/7        EV: 11    Int: 14    God:    Xom [*.....]
Gold:   264        SH: 11    Dex: 12    Spells: 6/6 levels left

rFire   . . .      SeeInvis .    a - +0 hand axe (chaos)
rCold   . . .      Faith    .    (no shield)
rNeg    . . .      Spirit   .    b - +2 leather armour
rPois   .          Reflect  +    (helmet restricted)
rElec   .          Harm     .    k - +0 cloak
rCorr   .          Rampage  .    q - +0 pair of gloves
Will    .....                    (no boots)
Stlth   +                        t - amulet of reflection
HPRegen 0.28/turn                (no ring)
MPRegen 0.10/turn                (no ring)

@: no status effects
A: antennae 1, large bone plates 2, demonic guardian 1, foul stench 2
a: Renounce Religion


You were on level 5 of the Dungeon.
You worshipped Xom.
You were a special plaything of Xom.
You visited 1 branch of the dungeon, and saw 6 of its levels.

You collected 264 gold pieces.

Inventory:

Hand Weapons
 a - a +0 hand axe of chaos (weapon)
 h - the +5 war axe of Lomma {freeze, rC+}
   (You found it on level 2 of the Dungeon)

   rC:        It protects you from cold.
 o - a +0 whip of electrocution
Missiles
 r - 2 poisoned darts
Armour
 b - a +2 leather armour (worn)
 k - a +0 cloak (worn)
 q - a +0 pair of gloves (worn)
 s - an orb of mayhem
Jewellery
 l - an amulet of guardian spirit
 t - an amulet of reflection (around neck)
Scrolls
 i - a scroll of identify {unknown}
 j - 2 scrolls of noise {unknown}
 m - a scroll of enchant weapon {unknown}
 p - 5 scrolls of teleportation {unknown}
Potions
 d - 2 potions of mutation {unknown}
 e - a potion of heal wounds
 f - a potion of lignification {unknown}
 g - a potion of cancellation {unknown}
 n - 2 potions of curing
 u - a potion of haste {unknown}
 v - a potion of degeneration {unknown}
Miscellaneous
 c - a piece from Xom's chessboard (13/15) (quivered)


   Skills:
 - Level 3.0 Fighting
 + Level 8.6 Axes
 - Level 1.7 Armour
 - Level 0.8 Dodging


You had 6 spell levels left.
You didn't know any spells.
Your spell library contained the following spells:

 Spells                   Type           Power      Damage    Failure   Level
 Blink                    Tloc           0%         N/A       47%         2
 Cigotuvi's Dreadful Rot  Necr/Pois/Air  0%         N/A       47%         2
 Lesser Beckoning         Tloc           0%         N/A       47%         2
 Momentum Strike          Conj/Tloc      0%         3d8       47%         2
 Dispel Undead            Necr           0%         3d6       98%         4
 Death Channel            Necr           0%         N/A       100%        6


Dungeon Overview and Level Annotations

Branches:
Dungeon (6/15)             Temple (0/1) D:4

Altars:
Ashenzari
Okawaru
Wu Jian
Xom
Yredelemnul

Shops:
D:2 !

Annotations:
D:2 Natasha
D:3 2 transporters, bande's ghost, amateur GrFi
D:4 2 transporters, wormed's ghost, amateur VSGl


Innate Abilities, Weirdness & Mutations

You have a pair of small antennae on your head.
You are mostly covered in large bone plates. (SH +6)
A weak demonic guardian rushes to your aid.
You sometimes emit foul miasma when damaged in melee.


Message History

There is a stone staircase leading down here.
There is a stone staircase leading down here.
You climb downwards.
Found 14 gold pieces and a dagger.
There is a stone staircase leading up here.
A shadow is nearby!
You hit the shadow but do no damage.
The shadow seems to grow stronger.
The shadow hits you!
You emit a cloud of foul miasma!
You take 10 damage, and have 42/52 hp.
You closely miss the shadow. "The weather's been a little too boring around here."
The shadow barely misses you.
You hit the shadow.
The shadow is lightly damaged.
You block the shadow's attack.
You hit the shadow but do no damage.
The shadow is lightly damaged.
You block the shadow's attack.
You hit the shadow.
The shadow is moderately damaged.
The shadow hits you!
You take 12 damage, and have 31/52 hp.
MASSIVE DAMAGE!!
You barely miss the shadow.
The shadow is moderately damaged.
The shadow closely misses you.
You hit the shadow but do no damage.
The shadow suddenly seems more agile.
The shadow is moderately damaged.
You hit the shadow but do no damage.
The shadow is moderately damaged.
The shadow hits you.
You closely miss the shadow.
The shadow is moderately damaged.
The shadow slips into darkness.
The shadow flickers and vanishes!
Deactivating autopickup; reactivate with Ctrl-A.
No target in view!
No target in view!
No target in view!
No target in view!
No target in view!
No target in view!
The shadow strikes at you from the darkness!
You climb upwards.
Reactivating autopickup.
There is a stone staircase leading down here.
Deactivating autopickup; reactivate with Ctrl-A.
You miss something.
The shadow strikes at you from the darkness!
You miss something.
The shadow strikes at you from the darkness!
A demonic guardian appears!
Reactivating autopickup.
You take 15 damage, and have 18/52 hp.
MASSIVE DAMAGE!!
You hit the shadow but do no damage.
The shadow is moderately damaged.
The shadow barely misses you.
You hit the shadow but do no damage.
The shadow is moderately damaged.
The shadow hits you.
* * * LOW HITPOINT WARNING * * *
You take 3 damage, and have 15/52 hp.
You closely miss the shadow.
The shadow is moderately damaged.
Your shadow imp hits the shadow but does no damage.
You completely miss the shadow.
The shadow is moderately damaged.
The shadow slips into darkness.
The shadow flickers and vanishes!
Deactivating autopickup; reactivate with Ctrl-A.
You hit something but do no damage.
The shadow strikes at you from the darkness!
* * * LOW HITPOINT WARNING * * *
Reactivating autopickup.
Your shadow imp hits the shadow but does no damage.
You take 12 damage, and have 4/52 hp.
MASSIVE DAMAGE!!
You hit the shadow but do no damage.
The shadow is moderately damaged.
You block the shadow's attack.
Your shadow imp barely misses the shadow.
You miss the shadow.
The shadow is moderately damaged.
You are now a special plaything of Xom.
You block the shadow's attack.
Your shadow imp closely misses the shadow.
You miss the shadow.
The shadow is moderately damaged.
The shadow hits you.
You hit the shadow but do no damage.
The shadow is moderately damaged.
Your shadow imp hits the shadow but does no damage.
The shadow closely misses you.
You closely miss the shadow.
The shadow is moderately damaged.
Your shadow imp misses the shadow.
You block the shadow's attack.
You hit the shadow but do no damage.
The shadow is moderately damaged.
Your shadow imp closely misses the shadow.
The shadow hits you!!
You die...
Xom snickers!

.._..###.#.# #.#......# #..
.....###...## #....##### ###
.[).<...##..### ##.....## #
#####.........###).###..## #
#####.......)....##..# #
###...##.####...#.# ####
########........#...##.#.## #...
.........#.#...#.....#.#..####.##
##########......@...........#..#
# ###.##.W5....##......## #
#.##.......#####...### #
#.###.....## ###...... #
#..#..(.)..###....####
##.........#...##.## #
##).......#.####..###
##......##.# ##....
#############...>.....# ####.


You could see a shadow (strong, agile, ally target) and a friendly shadow imp
(summoned).

Vanquished Creatures
  A gnoll sergeant (D:5)
  Blork the orc (D:4)
  A necrophage (D:5)
  2 scorpions (D:5)
  A hound (D:3)
  Natasha (twice) (D:2)
  3 iguanas
  2 orc wizards (D:5)
  3 gnolls (D:5)
  11 adders
  A shadow imp (D:5)
  A worm (D:2)
  5 dart slugs
  11 orcs
  6 endoplasms
  5 giant cockroaches
  3 goblins
  6 hobgoblins
  6 jackals (D:1)
  3 quokkas
  9 ball pythons
  2 frilled lizards (D:1)
  11 kobolds
  12 rats
108 creatures vanquished.

Vanquished Creatures (collateral kills)
  A scorpion (D:5)
  An orc priest (D:5)
  A jelly (D:4)
3 creatures vanquished.

Vanquished Creatures (others)
  An endoplasm (D:4)
  3 fungi (D:2)
  14 plants
18 creatures vanquished.

Grand Total: 129 creatures vanquished

Notes
Turn   | Place    | Note
-------+----------+-------------------------------------------
     0 | D:1      | SkeletonJelly the Demonspawn Chaos Knight began the quest
                  | for the Orb.
     0 | D:1      | Reached XP level 1. HP: 18/18 MP: 1/1
    17 | D:1      | Reached skill level 3 in Axes
   109 | D:1      | Gained mutation: You have a pair of small antennae on your
                  | head. [demonic ancestry]
   109 | D:1      | Reached XP level 2. HP: 24/24 MP: 2/2
   211 | D:1      | Gained mutation: You are partially covered in large bone
                  | plates. (SH +4) [demonic ancestry]
   211 | D:1      | Reached XP level 3. HP: 28/29 MP: 3/3
   377 | D:1      | Reached skill level 4 in Axes
   623 | D:2      | Identified the +5 war axe of Lomma {freeze, rC+}
   646 | D:2      | Gained mutation: You may rarely emit foul miasma when
                  | damaged in melee. [demonic ancestry]
   646 | D:2      | Reached XP level 4. HP: 28/35 MP: 4/4
  1085 | D:2      | Reached skill level 5 in Axes
  1092 | D:2      | Found a faded altar of an unknown god.
  1174 | D:2      | Found Oqibeifa's Distillery.
  1202 | D:2      | XOM: 1-stop teleportation journey
  1539 | D:2      | XOM: scenery: create altars
  1634 | D:3      | Gained mutation: You are mostly covered in large bone
                  | plates. (SH +6) [demonic ancestry]
  1634 | D:3      | Reached XP level 5. HP: 41/41 MP: 5/5
  1654 | D:3      | Found a faded altar of an unknown god.
  1660 | D:3      | Found a shimmering altar of Xom.
  1735 | D:3      | Found a transporter.
  1743 | D:3      | Noticed bande's ghost (amateur GrFi)
  1871 | D:3      | Noticed Natasha
  1875 | D:3      | XOM: smoke on damage
  2031 | D:2      | Killed Natasha
  2185 | D:2      | Found Oqibeifa's Distillery.
  2384 | D:2      | Noticed Natasha
  2399 | D:2      | Killed Natasha
  2623 | D:2      | Noticed Natasha
  2626 | D:2      | Natasha changed into Natasha the blink frog
  2626 | D:2      | Noticed Natasha
  2626 | D:2      | XOM: polymorph Natasha -> Natasha the blink frog
  2687 | D:3      | Found a transporter.
  2748 | D:3      | Reached skill level 6 in Axes
  3278 | D:4      | Gained mutation: A weak demonic guardian rushes to your
                  | aid. [demonic ancestry]
  3278 | D:4      | Reached XP level 6. HP: 24/47 MP: 2/6
  3379 | D:4      | Found an iron altar of Okawaru.
  3415 | D:4      | XOM: divination: detect creatures
  3480 | D:4      | XOM: polymorph goblin -> orc
  3590 | D:4      | Found a transporter.
  3611 | D:4      | Found a transporter.
  3613 | D:4      | Identified the +4 spear of the Hungering Gods {elec, *Slow
                  | rF++ rC++}
  3613 | D:4      | Noticed wormed's ghost (amateur VSGl)
  3714 | D:4      | Found a staircase to the Ecumenical Temple.
  4049 | D:5      | Entered Level 5 of the Dungeon
  4062 | D:5      | XOM: cast spell 'Metabolic Englaciation'
  4303 | D:5      | Found a broken altar of Ashenzari.
  4303 | D:5      | Found an ornate altar of the Wu Jian Council.
  4303 | D:5      | Found a basalt altar of Yredelemnul.
  4323 | D:5      | XOM: cast spell 'Statue Form'
  4327 | D:5      | Reached skill level 7 in Axes
  4527 | D:4      | Noticed Blork the orc
  4537 | D:4      | Killed Blork the orc
  4671 | D:5      | Gained mutation: You sometimes emit foul miasma when
                  | damaged in melee. [demonic ancestry]
  4671 | D:5      | Reached XP level 7. HP: 46/52 MP: 7/7
  4714 | D:5      | XOM: 3-stop teleportation journey
  4722 | D:5      | XOM: summons friendly quasit
  4965 | D:5      | Reached skill level 8 in Axes
  5388 | D:6      | XOM: noise
  5400 | D:6      | Noticed a shadow
  5402 | D:6      | XOM: fog
  5424 | D:5      | Mangled by a shadow

Illustrated notes

Levels and vault maps discovered:
D:1:      lightli_arrival_boilingwater, layout_rooms
D:2:      layout_loops_corners, serial_shops, nicolae_shop_behind_doors,
          shapermc_ecumenical_altar_mp_urbaneastern, minmay_fractal_squares_5
D:3:      layout_loops_ring, nicolae_overflow_ecumenical_swirl,
          gammafunk_ghost_arena, minivault_24, moated_statue, uniq_natasha
D:4:      layout_basic, kennysheep_okawaru_gauntlet,
          minmay_temple_entry_slanted, gammafunk_ghost_gnarly_gnolls,
          chequers_serial_rivers_micro_b, uniq_blork_the_orc
D:5:      layout_rooms, chequers_temple_overflow_statue_of_worship, minivault_1
D:6:      layout_cave_pods, mainiacjoe_overflow_chevrons,
          nicolae_uskayaw_en_pointe

Skill      XL: |  1  2  3  4  5  6  7 |
---------------+----------------------+-----
Axes           | 3 4 5 6 7 8 |  8.6
Fighting       | |  3.0
Armour         | |  1.7
Dodging        | |  0.8

Action                   |  1- 3 |  4- 6 |  7- 9 || total
-------------------------+-------+-------+-------++-------
Melee: Hand axe          |   110 |   246 |   111 ||   467
       Punch             |     1 |     4 |       ||     5
Evoke: Piece from Xom's  |       |    10 |       ||    10
  Use: Potion            |       |       |     1 ||     1
 Stab: Paralysed         |     2 |       |       ||     2
       Petrifying        |     1 |     1 |     1 ||     3
       Sleeping          |       |     4 |       ||     4
       Petrified         |       |       |     1 ||     1
Armor: Leather armour    |    37 |    55 |    16 ||   108
Dodge: Dodged            |    65 |   109 |    26 ||   200
Block: Other             |     5 |    73 |    35 ||   113
       Reflection        |       |     1 |       ||     1

Table legend: (Time is in decaauts)
 A = Elapsed time spent in this place.
 B = Non-inter-level travel time spent in this place.
 C = Inter-level travel time spent in this place.
 D = Time resting spent in this place.
 E = Time spent auto-exploring this place.
 F = Levels seen in this place.
 G = Mean time per level.
                   A        B        C        D        E       F      G
               +--------+--------+--------+--------+--------+-----+--------+
         Total |   5445 |   5174 |    271 |      0 |   3995 |   6 |  907.5 |
       Dungeon |   5445 |   5174 |    271 |      0 |   3995 |   6 |  907.5 |
               +--------+--------+--------+--------+--------+-----+--------+

Top non-repeatable levels by time:
     D:2: 1710 daAuts
     D:4: 1357 daAuts
     D:3: 966 daAuts
     D:5: 788 daAuts
     D:1: 611 daAuts
     D:6: 11 daAuts
